 Dungeon Crawl Stone Soup version 0.31-a0-524-g2a164cf6a2 (webtiles) character file.

Game seed: 3699044040937644492

424 AdnanSaban the Covered (level 6, -8/39 HPs)
             Began as a Gargoyle Fighter on Aug 12, 2023.
             Was an Initiate of Okawaru.
             Mangled by an ogre
             ... wielding a +0 giant club
              (20 damage)
             ... on level 4 of the Dungeon.
             The game lasted 00:04:31 (3145 turns).

AdnanSaban the Covered (Gargoyle Fighter)           Turns: 3145, Time: 00:04:31

Health: -8/39      AC: 17    Str: 21    XL:     6   Next: 96%
Magic:  6/6        EV:  6    Int:  9    God:    Okawaru [......]
Gold:   236        SH:  4    Dex:  9    Spells: 5/5 levels left

rFire   . . .        a - +0 flail
rCold   . . .        c - +0 buckler
rNeg    + . .        f - +0 plate armour
rPois   ∞            (no helmet)
rElec   +            i - +0 cloak
rCorr   .            (no gloves)
SInv    +            (no boots)
Will    .....        (no amulet) Stlth
                     q - ring of see invisible
HPRegen 0.26/turn    (no ring)
MPRegen 0.10/turn

%: no passive effects
@: no status effects
A: sickness immunity, AC +4, negative energy resistance 1, electricity
resistance, torment resistance 1, petrification resistance
a: Renounce Religion


You were on level 4 of the Dungeon.
You worshipped Okawaru.
Okawaru was noncommittal.
You visited 2 branches of the dungeon, and saw 6 of its levels.

You collected 236 gold pieces.

Inventory:

Hand Weapons
 a - a +0 flail (weapon)
Missiles
 b - 3 boomerangs
 l - 5 poisoned darts (quivered)
 n - 3 darts of dispersal
Armour
 c - a +0 buckler (worn)
 f - a +0 plate armour (worn)
 i - a +0 cloak (worn)
Jewellery
 q - a ring of see invisible (left hand)
 t - an amulet of faith
Scrolls
 g - a scroll of poison {unknown}
 h - 2 scrolls of amnesia {unknown}
 j - 2 scrolls of torment {unknown}
 m - 2 scrolls of vulnerability {unknown}
 o - 5 scrolls of identify {unknown}
 p - a scroll of enchant armour {unknown}
Potions
 d - a potion of might
 e - 2 potions of curing {unknown}
 k - 2 potions of magic {unknown}
 r - a potion of ambrosia {unknown}
 s - a potion of heal wounds {unknown}


   Skills:
 + Level 4.4 Fighting
 + Level 4.7 Maces & Flails
 + Level 5.1 Armour
 + Level 0.4 Dodging
 + Level 4.3 Shields


You had 5 spell levels left.
You didn't know any spells.
Your spell library contained the following spells:

 Spells                   Type           Power      Damage    Failure   Level
 Lesser Beckoning         Tloc           0%         N/A       100%        2
 Gell's Gravitas          Tloc           0%         N/A       100%        3
 Inner Flame              Hex/Fire       0%         N/A       100%        3
 Teleport Other           Tloc           0%         N/A       100%        3
 Flame Wave               Conj/Fire      0%         2d4       100%        4
 Sticky Flame             Conj/Fire      0%         2d3       100%        4


Dungeon Overview and Level Annotations

Branches:
Dungeon (5/15)             Temple (1/1) D:5

Altars:
Ashenzari
Cheibriados
Dithmenos
Elyvilon
Gozag
Hepliaklqana
Kikubaaqudgha
Makhleb
Nemelex Xobeh
Okawaru
Qazlal
Ru
Sif Muna
Trog
Uskayaw
Vehumet
Wu Jian
Xom
Yredelemnul
The Shining One

Shops:
D:5 !


Innate Abilities, Weirdness & Mutations

You are immune to sickness and miasma.
Your stone body is resilient. (AC +4)
You are immune to poison.
You resist negative energy. (rN+)
You are resistant to electric shocks. (rElec)
You are resistant to unholy torment.
You are immune to petrification.


Message History

You block the hound's attack. The hound barely misses you.
You miss the hound.
The hound is almost dead.
The hound bites you but does no damage. x2
You sock the hound!
You kill the hound!
Your Armour skill increases to level 5!
Found a hide-covered altar of Uskayaw.
Search for what [? for help]? oka
Found an iron altar of Okawaru.
Found an ancient bone altar of Kikubaaqudgha.
Found a burning altar of Makhleb.
There is an iron altar of Okawaru here.
You kneel at the altar of Okawaru.
Okawaru welcomes you!
There is a staircase back to the Dungeon here.
You start resting.
HP restored.
You climb upwards.
Welcome back to the Dungeon!
The ogre closely misses you. The adder bites you but does no damage.
You block the adder's attack.
There is a staircase to the Ecumenical Temple here.
The ogre attacks as you move away! The ogre completely misses you.
You block the adder's attack. The adder bites you but does no damage.
There is an open door here.
The ogre attacks as you move away! The ogre barely misses you.
The adder barely misses you. The adder attacks as you move away!
The adder barely misses you.
Found a scroll labelled GARITO IKLESUG.
There is a stone staircase leading up here.
You climb upwards.
There is a stone staircase leading down here.
The ogre attacks as you move away!
The ogre hits you with a +0 giant club!!
Ouch! That really hurt!
* * * LOW HITPOINT WARNING * * *
The ogre attacks as you move away!
The ogre hits you with a +0 giant club!!
Ouch! That really hurt!
You die...

#### #### ###..## ##..## ......#
#....# ....[.# #...>#
.....################..##########
.....##.....##.....##..##.......)
...>........<...@O.........#.....
#....##....................#.....
#######.....##.....##..##.###.###
#......##.....##..##.###.###
#..................#.......#
######.....##.......^..#.......#
##...###########'####..###.######
#...........##.....##..###O######
#............#..........#........


You could see an ogre.

Vanquished Creatures
  A water moccasin (D:5)
  A hound (Temple)
  A sleepcap (D:3)
  An iron imp (D:3)
  An iguana (D:2)
  Natasha (D:3)
  3 gnolls
  8 adders
  6 ball pythons
  5 endoplasms
  8 giant cockroaches
  7 goblins
  6 hobgoblins
  12 jackals
  4 kobolds
  6 quokkas
  9 bats
  2 frilled lizards
  6 rats
88 creatures vanquished.

Notes
Turn   | Place    | Note
-------+----------+-------------------------------------------
     0 | D:1      | AdnanSaban the Gargoyle Fighter began the quest for the
                  | Orb.
     0 | D:1      | Reached XP level 1. HP: 14/14 MP: 1/1
   136 | D:1      | Reached XP level 2. HP: 19/19 MP: 2/2
   528 | D:2      | Reached XP level 3. HP: 18/24 MP: 3/3
   942 | D:2      | Reached XP level 4. HP: 29/29 MP: 4/4
  1427 | D:3      | Reached XP level 5. HP: 32/33 MP: 5/5
  1471 | D:3      | Found a faded altar of an unknown god.
  1513 | D:3      | Found a snail-covered altar of Cheibriados.
  1525 | D:3      | Reached skill level 4 in Armour
  1822 | D:3      | Identified the +8 sling "Rax Exke" {flame, +Blink}
  2004 | D:4      | Noticed an ogre
  2214 | D:3      | Reached XP level 6. HP: 15/38 MP: 6/6
  2320 | D:4      | Noticed Natasha
  2334 | D:3      | Killed Natasha
  2968 | D:5      | Entered Level 5 of the Dungeon
  2992 | D:5      | Found Orong's Distillery.
  3000 | D:5      | Noticed a water moccasin
  3018 | D:5      | Killed a water moccasin
  3024 | D:5      | Found a staircase to the Ecumenical Temple.
  3030 | Temple   | Entered the Ecumenical Temple
  3034 | Temple   | Reached skill level 5 in Armour
  3046 | Temple   | Became a worshipper of Warmaster Okawaru
  3145 | D:4      | Mangled by an ogre

Illustrated notes

Levels and vault maps discovered:
D:1:      lightli_iron_boxes, layout_basic
D:2:      layout_loops_ring, minmay_misc_feat_rugged
D:3:      layout_loops_ring, slow_altar_1, dreamdust_ecumenical_altar_statues
D:4:      layout_gridville, uniq_natasha
D:5:      layout_cave_pools, temple_green, serial_shops,
          nicolae_shop_gaudy_bauble, nicolae_shop_stone,
          kennysheep_generic_room_5, uniq_crazy_yiuf_cottage, uniq_blork_the_orc
Temple:   compressed_dpeg_triangle_lava_temple

Skill      XL: |  1  2  3  4  5  6 |
---------------+-------------------+-----
Maces & Flails | 3 4 |  4.7
Fighting       | 4 |  4.4
Shields        | 4 |  4.3
Armour         | 4 5 |  5.1
Dodging        | |  0.4

Action                     |  1- 3 |  4- 6 || total
---------------------------+-------+-------++-------
  Melee: Flail             |   113 |   244 ||   357
 Armour: Plate armour      |   110 |   299 ||   409
  Dodge: Dodged            |    48 |   113 ||   161
  Block: Buckler           |    32 |    96 ||   128

Table legend: (Time is in decaauts)
 A = Elapsed time spent in this place.
 B = Non-inter-level travel time spent in this place.
 C = Inter-level travel time spent in this place.
 D = Time resting spent in this place.
 E = Time spent auto-exploring this place.
 F = Levels seen in this place.
 G = Mean time per level.
                   A        B        C        D        E       F      G
               +--------+--------+--------+--------+--------+-----+--------+
         Total |   3241 |   3057 |    184 |    205 |   1892 |   6 |  540.2 |
       Dungeon |   3162 |   3000 |    162 |    156 |   1892 |   5 |  632.4 |
        Temple |     79 |     57 |     22 |     49 |      0 |   1 |   79.0 |
               +--------+--------+--------+--------+--------+-----+--------+

Top non-repeatable levels by time:
     D:3: 1005 daAuts
     D:4: 787 daAuts
     D:2: 780 daAuts
     D:1: 495 daAuts
     D:5: 93 daAuts
  Temple: 79 daAuts
